 Dungeon Crawl Stone Soup version 0.31.0-11-ge490571c62 (webtiles) character file.

Game seed: 10196514820466336561

79 GoblinMatron the Sneak (level 4, 0/30 HPs)
             Began as a Vampire Enchanter on Jan 26, 2024.
             Was an Initiate of Hepliaklqana.
             Slain by a gnoll bouda
             ... wielding a +0 club
              (7 damage)
             ... on level 3 of the Dungeon.
             The game lasted 00:02:45 (1549 turns).

GoblinMatron the Sneak (Vampire Enchanter)          Turns: 1549, Time: 00:02:46

Health: 0/30       AC:  2    Str:  7    XL:     4   Next: 17%
Magic:  5/7        EV: 12    Int: 19    God:    Hepliaklqana [......]
Gold:   89         SH:  0    Dex: 14    Spells: 2/7 levels left

rFire   . . .        a - +1 dagger
rCold   . . .        (no shield)
rNeg    . . .        b - +0 robe
rPois   .            (no helmet)
rElec   .            (no cloak)
rCorr   .            (no gloves)
SInv    +            (no boots)
Will    .....        l - amulet of the acrobat
Stlth   +++          (no ring)
HPRegen 0.45/turn    (no ring)
MPRegen 0.10/turn

%: acrobat
@: weakened, healing quickly, studying Evocations
A: alive, fangs 3, see invisible, vampiric 2
a: Exsanguinate, Renounce Religion


You were on level 3 of the Dungeon.
You worshipped Hepliaklqana.
Hepliaklqana was noncommittal.
You visited 1 branch of the dungeon, and saw 3 of its levels.

You collected 89 gold pieces.

Inventory:

Hand Weapons
 a - a +1 dagger (weapon)
Armour
 b - a +0 robe (worn)
Jewellery
 l - an amulet of the acrobat (around neck)
 o - a ring of positive energy
Scrolls
 h - a scroll of brand weapon {unknown}
 i - a scroll of enchant weapon {unknown}
 j - 2 scrolls of fear {unknown}
 k - 2 scrolls of identify {unknown}
 m - a scroll of fog {unknown}
 n - 2 scrolls of immolation {unknown}
 p - a scroll of teleportation {unknown}
Potions
 c - a potion of lignification {unknown}
 d - a potion of enlightenment {unknown}
 e - a potion of curing {unknown}
 f - a potion of magic {unknown}
 g - a potion of heal wounds {unknown}
 q - 2 potions of mutation {unknown}


   Skills:
 + Level 3.2 Short Blades
 - Level 2.1 Dodging
 + Level 6.3 Stealth
 - Level 2.0 Spellcasting
 - Level 4.4 Hexes


You had 2 spell levels left.
You knew the following spells:

 Your Spells              Type           Power      Damage    Failure   Level
c - Confusing Touch       Hex            18%        N/A       9%          3
e - Ensorcelled Hibernat  Hex/Ice        20%        N/A       11%         2

Your spell library contained the following spells:

 Spells                   Type           Power      Damage    Failure   Level
 Tukima's Dance           Hex            18%        N/A       9%          3
 Dazzling Flash           Conj/Hex       20%        N/A       21%         3
 Ignite Poison            Fire/Alch      1%         N/A       86%         4
 Sticky Flame             Fire/Alch      1%         2d4       86%         4
 Ignition                 Fire           0%         3d3       100%        8


Dungeon Overview and Level Annotations

Branches:
Dungeon (3/15)

Altars:
Hepliaklqana


Innate Abilities, Weirdness & Mutations

Your natural rate of healing is accelerated.
You have razor-sharp teeth.
You have supernaturally acute eyesight. (SInv)
You are afflicted with vampirism and can become a bat while bloodless.


Message History

An orc is nearby!
An orc is nearby!
Found a stone staircase leading down.
Found a mace.
The helpless orc fails to defend itself.
You impale the orc!!
You kill the orc!
Found 3 stones.
You now have 75 gold pieces (gained 14).
You now have 89 gold pieces (gained 14).
Key pressed, stopping explore.
Key pressed, stopping explore.
q - 2 red potions (gained 1)
Found a leather armour.
A gnoll is nearby!
A gnoll is nearby!
Unknown command.
The gnoll bouda shouts!
You hear a shout! x2
You hear a shout!
The gnoll bouda barks out a call to the hunt!
The gnolls pick up the pace!
The gnoll bouda gazes fiercely through you!
You feel your attacks grow feeble.
The gnoll bouda gazes fiercely through you!
You feel as though you will be weak longer.
The gnoll attacks as it pursues you! The gnoll completely misses you.
The gnoll bouda attacks as it pursues you!
The gnoll bouda hits you with a +0 club!
The gnoll bouda attacks as it pursues you!
The gnoll bouda hits you with a +0 club!
Casting: Ensorcelled Hibernation (safe; 11% risk of failure)
Confirm with . or Enter, or press ? or * to list all spells.
Aiming: Ensorcelled Hibernation (safe; 11% risk of failure)
Press: ? - help, Shift-Dir - straight line, f - gnoll bouda
Aim: a gnoll bouda, wielding a +0 club and wearing a +0 leather armour (chance to affect: 44%)
The gnoll bouda resists with some effort.
The gnoll hits you from afar with a +0 spear.
* * * LOW HITPOINT WARNING * * *
The gnoll bouda hits you with a +0 club!
You die...

...........................#
##...##.##...##...########.#
.##...##.#.........# #.#
....................#######.##
............................(#
......##.#..#..###.########.##
............................#
.#.............###.#######..##
.........#.....g@............#
.##......#....g###.#######..##
..................#######..#
.##....[.................#..#
#..................)......#
.............g..g...>##.#..#
##...............g...##.#..##
..............)..>..........#
...............##....##.#..##


You could see a gnoll bouda and a gnoll (swift).

Vanquished Creatures
  A gnoll (D:2)
  An adder (D:2)
  5 dart slugs
  An orc (D:3)
  3 ball pythons
  2 bats (D:1)
  5 endoplasms
  4 giant cockroaches (D:1)
  6 hobgoblins
  A jackal (D:1)
  3 quokkas
  2 frilled lizards (D:1)
  4 goblins
  3 kobolds (D:1)
  6 rats
47 creatures vanquished.

Notes
Turn   | Place    | Note
-------+----------+-------------------------------------------
     0 | D:1      | GoblinMatron the Vampire Enchanter began the quest for the
                  | Orb.
     0 | D:1      | Reached XP level 1. HP: 13/13 MP: 3/3
    95 | D:1      | Reached skill level 5 in Stealth
    95 | D:1      | Reached XP level 2. HP: 11/19 MP: 5/5
   459 | D:1      | Gained mutation: You are afflicted with vampirism and can
                  | become a bat while bloodless. [Vampire growth]
   459 | D:1      | Reached XP level 3. HP: 24/24 MP: 6/6
   840 | D:1      | Learned a level 2 spell: Ensorcelled Hibernation
   844 | D:1      | Learned a level 3 spell: Confusing Touch
  1011 | D:2      | Reached skill level 6 in Stealth
  1225 | D:2      | Found a hazy altar of Hepliaklqana.
  1311 | D:2      | Became a worshipper of Hepliaklqana the Forgotten
  1375 | D:2      | Reached XP level 4. HP: 22/30 MP: 4/7
  1549 | D:3      | Slain by a gnoll bouda

Illustrated notes

Levels and vault maps discovered:
D:1:      minmay_arrival_stair_chambers, layout_basic, minmay_unequal
D:2:      layout_rooms, basic_altar, minmay_goblin_kobold_house
D:3:      layout_basic, serial_bayou_pond_a, grunt_ministairs_7,
          minmay_distorted

Skill      XL: |  1  2  3 |
---------------+----------+-----
Stealth        | 5 6 |  6.3
Short Blades   | 2 3 |  3.2
Dodging        | |  2.1
Spellcasting   | |  2.0
Hexes          | |  4.4

Action                     |  1- 3 |  4- 6 || total
---------------------------+-------+-------++-------
  Melee: Dagger            |   118 |     3 ||   121
         Bite              |    11 |       ||    11
         Punch             |     1 |       ||     1
   Cast: Ensorcelled Hiber |     7 |     2 ||     9
    Use: Potion            |     2 |       ||     2
   Stab: Invisible         |     5 |       ||     5
         Sleeping          |    18 |     2 ||    20
 Armour: Robe              |    59 |     4 ||    63
  Dodge: Dodged            |    79 |     3 ||    82
